 Dungeon Crawl Stone Soup version 0.32-a0-665-g3d30ec2550 (webtiles) character file.

Game seed: 6287744029486888113

188 shadizar the Slasher (level 5, -3/38 HPs)
             Began as a Gnoll Wanderer on Mar 9, 2024.
             Slain by an ogre
             ... wielding a +0 giant club
              (18 damage)
             ... on level 4 of the Dungeon.
             The game lasted 00:04:09 (3082 turns).

shadizar the Slasher (Gnoll Wanderer)               Turns: 3082, Time: 00:04:10

Health: -3/38      AC:  6    Str: 10    XL:     5   Next: 67%
Magic:  21/21      EV:  9    Int: 12    God:
Gold:   194        SH:  4    Dex: 14    Spells: 13/14 levels left

rFire   . . .        a - +0 long sword
rCold   . . .        q - +0 buckler
rNeg    . . .        r - +0 ring mail
rPois   .            v - +0 helmet
rElec   .            (no cloak)
rCorr   .            (no gloves)
SInv    .            (no boots)
Will    .....        (no amulet)
Stlth   ++           m - ring of flight
HPRegen 0.26/turn    i - ring of magical power
MPRegen 0.17/turn

%: no passive effects
@: flying
A: fangs 1, strong nose, distributed training
a: no special abilities


You were on level 4 of the Dungeon.
You visited 1 branch of the dungeon, and saw 4 of its levels.

You collected 194 gold pieces.

Inventory:

Hand Weapons
 a - a +0 long sword (weapon)
 c - a +0 dagger
 n - a +0 club
 x - a +1 short sword of draining
Missiles
 b - 13 poisoned darts (quivered)
Armour
 e - a +0 robe
 q - a +0 buckler (worn)
 r - a +0 ring mail (worn)
 v - a +0 helmet (worn)
Jewellery
 i - a ring of magical power (right hand)
 m - a ring of flight (left hand)
Scrolls
 g - a scroll of enchant weapon {unknown}
 h - 3 scrolls of teleportation {unknown}
 j - a scroll of amnesia {unknown}
 l - 2 scrolls of blinking {unknown}
 p - a scroll of identify {unknown}
 u - a scroll of poison {unknown}
 w - a scroll of noise {unknown}
Potions
 d - 3 potions of curing
 f - a potion of attraction {unknown}
 k - a potion of resistance {unknown}
 o - a potion of might {unknown}
 s - a potion of brilliance {unknown}
 t - 2 potions of enlightenment {unknown}


   Skills:
 + Level 1.6 Fighting
 + Level 1.6 Short Blades
 + Level 6.7 Long Blades
 + Level 1.6 Axes
 + Level 1.6 Maces & Flails
 + Level 1.6 Polearms
 + Level 1.6 Staves
 + Level 1.6 Ranged Weapons
 + Level 3.1 Throwing
 + Level 1.6 Armour
 + Level 1.6 Dodging
 + Level 2.9 Stealth
 + Level 1.6 Shields
 + Level 1.6 Unarmed Combat
 + Level 5.2 Spellcasting
 + Level 1.3 Conjurations
 + Level 1.3 Hexes
 + Level 1.3 Summonings
 + Level 1.3 Necromancy
 + Level 1.3 Translocations
 + Level 1.3 Fire Magic
 + Level 1.3 Ice Magic
 + Level 1.3 Air Magic
 + Level 1.3 Earth Magic
 + Level 5.6 Alchemy
 + Level 1.9 Invocations
 + Level 1.6 Evocations
 + Level 1.5 Shapeshifting


You had 13 spell levels left.
You knew the following spells:

 Your Spells              Type           Power      Damage    Failure   Level
a - Sting                 Conj/Alch      44%        1d5       19%         1

Your spell library contained the following spells:

 Spells                   Type           Power      Damage    Failure   Level
 Mephitic Cloud           Conj/Alch/Air  9%         N/A       58%         3


Dungeon Overview and Level Annotations

Branches:
Dungeon (4/15)
 Temple: D:4-7

Altars:
Dithmenos
Ru
Uskayaw

Shops:
D:1 =

Annotations:
D:4 Dowan, Duvessa


Innate Abilities, Weirdness & Mutations

You have very sharp teeth.
Your uncanny sense of smell can sniff out nearby items.
Your experience applies equally to all skills.


Message History

The poisoned dart barely misses Duvessa.
The ogre shouts!
You throw a poisoned dart. The poisoned dart hits Duvessa.
Duvessa is poisoned.
Dowan's feet meld with the ground, briefly.
You throw a poisoned dart.
The poisoned dart closely misses Duvessa.
The poisoned dart barely misses the ogre.
You throw a poisoned dart. The poisoned dart hits Duvessa.
Duvessa looks even sicker.
Dowan smirks and points a slender finger.
Dowan gestures at you while chanting. The puff of flame hits you.
Duvessa attacks as she pursues you!
Duvessa hits you with a +2 short sword of venom!
You are poisoned.
You feel very sick.
You feel very sick.
Dowan casts a spell.
Dowan blinks!
You feel sick.
You feel sick. Duvessa attacks as she pursues you! Duvessa barely misses you.
You feel sick. Duvessa attacks as she pursues you!
Duvessa hits you with a +2 short sword of venom.
* * * LOW HITPOINT WARNING * * *
You feel sick. Duvessa attacks as she pursues you! Duvessa closely misses you.
There is an open door here.
You feel better. Duvessa hits you but does no damage.
You are poisoned.
You hit Duvessa.
Duvessa is heavily wounded.
You feel sick. Duvessa closely misses you.
You hit Duvessa but do no damage.
Duvessa is heavily wounded.
You feel sick. Duvessa barely misses you.
You feel sick.
You feel sick. The ogre attacks as it pursues you! The ogre closely misses you.
You feel sick.
You are no longer poisoned.
The ogre attacks as it pursues you!
The ogre hits you with a +0 giant club!!
You die...

#..(#..'...#....(.....#
#...#..#.).+..........#
#.(.#####..##...###..##
#.....###..##...###..#####.
∆##.....#..........(.......#.
#......#.................<#.
#......#..................#.
##..e..#..................#.
#.....#...@..............#.
#.....##.O.#############'#. ∆
#......#...##..#......#..##
#......'e......#......'....
#......#.......#......#....
#.......#..###[.#........#+#
.......###..###..########....
.......#..........# #....
..#....#..........# #....


You could see Duvessa (poisoned) and an ogre.

Vanquished Creatures
  A phantom (D:4)
  An iguana (D:4)
  An adder (D:2)
  4 dart slugs
  2 ribbon worms (D:2)
  An orc (D:3)
  6 bats
  8 endoplasms
  5 giant cockroaches
  6 goblins
  6 hobgoblins
  4 jackals (D:1)
  3 quokkas
  4 ball pythons
  A frilled lizard (D:1)
  A kobold (D:1)
  6 rats
60 creatures vanquished.

Notes
Turn   | Place    | Note
-------+----------+-------------------------------------------
     0 | D:1      | shadizar the Gnoll Wanderer began the quest for the Orb.
     0 | D:1      | shadizar set off with the following items: a +0 long sword,
                  | 11 poisoned darts, a +0 dagger, a potion of curing, a +0
                  | robe; and the following spell memorised: Sting; and the
                  | following spells available to memorise: Mephitic Cloud.
     0 | D:1      | Reached XP level 1. HP: 13/13 MP: 6/6
    48 | D:1      | Reached XP level 2. HP: 14/19 MP: 7/7
   521 | D:1      | Found Yxotix's Jewellery Shop.
   733 | D:1      | Reached skill level 5 in Spellcasting
   733 | D:1      | Reached XP level 3. HP: 25/25 MP: 7/9
   852 | D:1      | Reached skill level 1 in Invocations
  1298 | D:1      | Found a faded altar of an unknown god.
  1388 | D:1      | Reached skill level 1 in Fighting
  1388 | D:1      | Reached skill level 1 in Short Blades
  1388 | D:1      | Reached skill level 1 in Axes
  1388 | D:1      | Reached skill level 1 in Maces & Flails
  1388 | D:1      | Reached skill level 1 in Polearms
  1388 | D:1      | Reached skill level 1 in Staves
  1388 | D:1      | Reached skill level 1 in Ranged Weapons
  1388 | D:1      | Reached skill level 1 in Armour
  1388 | D:1      | Reached skill level 1 in Dodging
  1388 | D:1      | Reached skill level 1 in Shields
  1388 | D:1      | Reached skill level 1 in Unarmed Combat
  1388 | D:1      | Reached skill level 1 in Evocations
  1759 | D:2      | Reached skill level 1 in Shapeshifting
  1759 | D:2      | Reached XP level 4. HP: 27/32 MP: 11/11
  1927 | D:2      | Reached skill level 1 in Conjurations
  1927 | D:2      | Reached skill level 1 in Hexes
  1927 | D:2      | Reached skill level 1 in Summonings
  1927 | D:2      | Reached skill level 1 in Necromancy
  1927 | D:2      | Reached skill level 1 in Translocations
  1927 | D:2      | Reached skill level 1 in Fire Magic
  1927 | D:2      | Reached skill level 1 in Ice Magic
  1927 | D:2      | Reached skill level 1 in Air Magic
  1927 | D:2      | Reached skill level 1 in Earth Magic
  2212 | D:3      | Found a shadowy altar of Dithmenos.
  2371 | D:3      | Found a sacrificial altar of Ru.
  2372 | D:3      | Found a hide-covered altar of Uskayaw.
  2891 | D:4      | Noticed a phantom
  2905 | D:4      | Killed a phantom
  2906 | D:4      | Reached XP level 5. HP: 22/38 MP: 12/12
  3062 | D:4      | Noticed Dowan
  3062 | D:4      | Noticed Duvessa
  3065 | D:4      | Noticed an ogre
  3082 | D:4      | Slain by an ogre

Illustrated notes

Levels and vault maps discovered:
D:1:      nicolae_arrival_somewhat_less_tricky_arrival, layout_loops_corners,
          shapermc_ecumenical_altar_hornbeckon, serial_shops,
          nicolae_shop_tiny_statue_garden, minmay_nonomino_d4
D:2:      layout_basic
D:3:      layout_basic, nicolae_dithmenos_shadow_blocks,
          nicolae_overflow_squiral
D:4:      layout_gridville, kennysheep_mini, mainiacjoe_overflow_alcove_2,
          serial_shops, shop, minmay_hollow_rounded_squares, uniq_duvessa

Skill      XL: |  1  2  3  4 |
---------------+-------------+-----
Spellcasting   | 5 |  5.2
Invocations    | 1 |  1.9
Fighting       | 1 |  1.6
Short Blades   | 1 |  1.6
Axes           | 1 |  1.6
Maces & Flails | 1 |  1.6
Polearms       | 1 |  1.6
Staves         | 1 |  1.6
Ranged Weapons | 1 |  1.6
Armour         | 1 |  1.6
Dodging        | 1 |  1.6
Shields        | 1 |  1.6
Unarmed Combat | 1 |  1.6
Evocations     | 1 |  1.6
Shapeshifting  | 1 |  1.5
Conjurations   | 1 |  1.3
Hexes          | 1 |  1.3
Summonings     | 1 |  1.3
Necromancy     | 1 |  1.3
Translocations | 1 |  1.3
Fire Magic     | 1 |  1.3
Ice Magic      | 1 |  1.3
Air Magic      | 1 |  1.3
Earth Magic    | 1 |  1.3
Throwing       | 3 |  3.1
Long Blades    | |  6.7
Stealth        | |  2.9
Alchemy        | |  5.6

Action                     |  1- 3 |  4- 6 || total
---------------------------+-------+-------++-------
  Melee: Long sword        |   116 |    55 ||   171
         Bite              |     8 |     5 ||    13
  Throw: Dart              |     5 |    11 ||    16
    Use: Potion            |       |     1 ||     1
   Stab: Sleeping          |     7 |     5 ||    12
 Armour: Robe              |    58 |     7 ||    65
         Ring mail         |       |    20 ||    20
  Dodge: Dodged            |    51 |    27 ||    78
  Block: Buckler           |       |     2 ||     2

Table legend: (Time is in decaauts)
 A = Elapsed time spent in this place.
 B = Non-inter-level travel time spent in this place.
 C = Inter-level travel time spent in this place.
 D = Time resting spent in this place.
 E = Time spent auto-exploring this place.
 F = Levels seen in this place.
 G = Mean time per level.
                   A        B        C        D        E       F      G
               +--------+--------+--------+--------+--------+-----+--------+
         Total |   3102 |   2919 |    183 |      0 |   2405 |   4 |  775.5 |
       Dungeon |   3102 |   2919 |    183 |      0 |   2405 |   4 |  775.5 |
               +--------+--------+--------+--------+--------+-----+--------+

Top non-repeatable levels by time:
     D:1: 1461 daAuts
     D:2: 759 daAuts
     D:3: 633 daAuts
     D:4: 247 daAuts
